 Dungeon Crawl Stone Soup version 0.22-a0-406-g9ff8d77 (webtiles) character file.

2 dstrtnsr the Chopper (level 1, -2/20 HPs)
             Began as a Minotaur Berserker on May 9, 2018.
             Was a Follower of Trog.
             Slain by a leopard gecko (3 damage)
             ... on level 1 of the Dungeon.
             The game lasted 00:00:06 (50 turns).

dstrtnsr the Chopper (Minotaur Berserker)             Turns: 50, Time: 00:00:07

Health: -2/20      AC:  2    Str: 21    XL:     1   Next: 33%
Magic:  0/0        EV: 12    Int:  4    God:    Trog [*.....]
Gold:   12         SH:  0    Dex:  9    Spells: 0/0 levels left

rFire    . . .     SeeInvis .   a - +0 hand axe
rCold    . . .     Gourm    .   (no shield)
rNeg     . . .     Faith    .   b - +0 animal skin
rPois    .         Spirit   .   (helmet restricted)
rElec    .         Reflect  .   (no cloak)
rCorr    .         Harm     .   (no gloves)
MR       .....                  (no boots)
Stlth    +.........             (no amulet)
HPRegen  0.06/turn              (no ring)
MPRegen  0.07/turn              (no ring)

@: no status effects
A: retaliatory headbutt, horns 2
a: Berserk, Renounce Religion


You were on level 1 of the Dungeon.
You worshipped Trog.
Trog was aware of your devotion.
You were not hungry.

You visited 1 branch of the dungeon, and saw 1 of its levels.

You collected 12 gold pieces.

Inventory:

Hand Weapons
 a - a +0 hand axe (weapon)
Armour
 b - a +0 animal skin (worn)
Comestibles
 e - a ration {!d}


   Skills:
 + Level 3.7 Fighting
 * Level 3.8 Axes
 - Level 2.4 Armour
 - Level 2.1 Dodging


You couldn't memorise any spells.
You didn't know any spells.

Dungeon Overview and Level Annotations

Branches:
Dungeon (1/15)

Altars:


Innate Abilities, Weirdness & Mutations

You reflexively headbutt those who attack you in melee.
You have a pair of horns on your head.


Message History

e - a ration Welcome, dstrtnsr the Minotaur Berserker.
The bosom of this dungeon contains the fabled artefact, the Orb of Zot.
Trog says: Kill them all!
Press ? for a list of commands and other information.
Found 12 gold pieces.
Found a staircase leading out of the dungeon.
Found a club.
You now have 12 gold pieces.
You open the door.
There is an open door here.
You open the door.
A hobgoblin comes into view. It is wielding a club.
The hobgoblin shouts!
You hear an angry hiss.
Found a chain mail, a buckler, 14 arrows and a scroll labeled SENWUY CUXO.
A rat comes into view.
A bat comes into view.
The bat completely misses you.
There is an open door here.
You closely miss the bat. Your headbutt misses the bat.
The bat hits you but does no damage. The bat barely misses you.
You furiously retaliate!
You headbutt the bat!
You kill the bat!
Trog accepts your kill. The hobgoblin misses you.
You hit the hobgoblin.
The hobgoblin is heavily wounded.
The hobgoblin hits you with a club.
You barely miss the hobgoblin.
The hobgoblin is heavily wounded.
The hobgoblin misses you.
A leopard gecko comes into view.
You barely miss the hobgoblin.
The hobgoblin is heavily wounded.
The hobgoblin hits you with a club.
You hit the hobgoblin.
The hobgoblin is severely wounded.
You closely miss the rat. The rat bites you.
The hobgoblin hits you but does no damage.
You hit the hobgoblin.
The hobgoblin is almost dead.
You hit the rat.
You kill the rat!
Trog accepts your kill. The hobgoblin hits you with a club.
You are too injured to fight recklessly!
You are too injured to fight recklessly!
You are too injured to fight recklessly!
You are too injured to fight recklessly!
Unknown command.
You hit the hobgoblin but do no damage.
The hobgoblin is almost dead.
The hobgoblin hits you with a club.
* * * LOW HITPOINT WARNING * * *
Unknown command.
You hit the hobgoblin.
You kill the hobgoblin!
Trog accepts your kill.
You barely miss the leopard gecko. The leopard gecko barely misses you.
The leopard gecko bites you.
* * * LOW HITPOINT WARNING * * *
Unknown command.
You barely miss the leopard gecko. Your headbutt misses the leopard gecko.
The leopard gecko bites you.
You die...

#......#.#.....≈≈≈≈≈≈≈.).
#.#..###.#....≈≈≈≈≈≈≈≈≈..
...#......###############
### #....##########
####.##....?...
#.##........ #
#.##...[....
....##.##.l......
#.....'@)......
#.....###.†...... #.###.
#........ .. .. #.....(..
... #........ ...
######### ....


You could see a leopard gecko.

Vanquished Creatures
  A hobgoblin (D:1)
  A bat (D:1)
  A rat (D:1)
3 creatures vanquished.

Notes
Turn   | Place    | Note
-------+----------+-------------------------------------------
     0 | D:1      | dstrtnsr the Minotaur Berserker began the quest for the Orb.
     0 | D:1      | Reached XP level 1. HP: 19/19 MP: 0/0
    47 | D:1      | HP: 7/20 [hobgoblin/club (4)]
    49 | D:1      | HP: 1/20 [leopard gecko (4)]
    50 | D:1      | Slain by a leopard gecko

Vault maps used:
D:1:      nzn_arrival_depleted_hourglass, palyth_stone_intersect

Action                   || total
-------------------------++-------
Melee: Hand axe          ||     9
Armor: Animal skin       ||     1
Dodge: Dodged            ||     5

Table legend:
 A = Spawn XP
 B = Non-spawn XP
 C = Spawn XP percentage of total XP
 D = Spawn monster count
 E = Non-spawn monster count
 F = Spawn count percentage of total count
 G = Total turns spent on level
                    A         B        C        D         E        F      G
               +---------+---------+-------+---------+---------+-------+---------
         Total |       0 |       4 |   0.0 |       0 |       3 |   0.0 |    50
               +---------+---------+-------+---------+---------+-------+---------
           D:1 |       0 |       4 |   0.0 |       0 |       3 |   0.0 |    50
               +---------+---------+-------+---------+---------+-------+---------
